 Dungeon Crawl Stone Soup version 0.29.1-1-gd02db6906a (webtiles) character file.

Game seed: 7735082135307698531

88 MisterFreud the Twirler (level 4, -2/33 HPs)
             Began as a Formicid Gladiator on Oct 11, 2022.
             Slain by a black bear (7 damage)
             ... on level 6 of the Dungeon.
             The game lasted 00:02:19 (2651 turns).

MisterFreud the Twirler (Formicid Gladiator)        Turns: 2651, Time: 00:02:20

Health: -2/33      AC:  3    Str: 21    XL:     4   Next: 82%
Magic:  4/4        EV: 12    Int:  7    God:
Gold:   87         SH:  5    Dex: 15    Spells: 3/3 levels left

rFire   . . .      SeeInvis +   a - +0 quarterstaff
rCold   . . .      Faith    .   e - +0 buckler
rNeg    . . .      Spirit   .   b - +0 leather armour
rPois   .          Reflect  .   (helmet unavailable)
rElec   .          Harm     .   (no cloak)
rCorr   .          Rampage  .   (no gloves)
Will    .....                   (no boots)
Stlth   +.........              (no amulet)
HPRegen 0.11/turn               (no ring)
MPRegen 0.09/turn               (no ring)

@: no status effects
A: permanent stasis, dig shafts and tunnels, antennae 3, four strong arms
a: Dig, Shaft Self


You were on level 6 of the Dungeon.
You visited 1 branch of the dungeon, and saw 4 of its levels.

You collected 87 gold pieces.

Inventory:

Hand Weapons
 a - a +0 quarterstaff (weapon)
 g - the +4 hand axe "Huzxoran" {freeze, rF++ Int+2}
   (You found it on level 2 of the Dungeon)

   It freezes those it strikes, dealing additional cold damage.
   It can also slow down cold-blooded creatures.
   Int:       It affects your intelligence (+2).
   rF:        It greatly protects you from fire.
Missiles
 c - 3 throwing nets (quivered)
 d - a javelin
Armour
 b - a +0 leather armour (worn)
 e - a +0 buckler (worn)
Scrolls
 i - a scroll of magic mapping {unknown}
Potions
 f - a potion of attraction
 h - 2 potions of curing


   Skills:
 - Level 2.1 Fighting
 + Level 4.4 Staves
 - Level 2.0 Throwing
 - Level 2.6 Dodging
 + Level 3.2 Shields


You had 3 spell levels left.
You didn't know any spells.
Your spell library was empty.

Dungeon Overview and Level Annotations

Branches:
Dungeon (3/15)

Altars:
Vehumet

Shops:
D:1 [   D:2 :

Annotations:
D:3 1 transporter, sydd's ghost, amateur TeEE
D:6 1 transporter


Innate Abilities, Weirdness & Mutations

You cannot be hasted, slowed, berserked, paralysed or teleported.
You can dig through walls and to a lower floor.
You have a pair of large antennae on your head. (SInv)
Your four strong arms can wield two-handed weapons with a shield.


Message History

You hit the adder but do no damage. You block the adder's attack.
You sock the adder!
The adder is severely wounded.
The adder bites you. You block the adder's attack.
You barely miss the adder.
The adder is severely wounded.
The adder barely misses you.
You barely miss the adder.
The adder is severely wounded.
The adder closely misses you. The adder bites you but does no damage.
You hit the adder.
You kill the adder!
You barely miss the black bear. The black bear bites you.
The black bear barely misses you. The black bear claws you.
You barely miss the black bear. The black bear barely misses you. x3
You sock the black bear!
The black bear is moderately wounded.
The black bear bites you. The black bear claws you.
The black bear claws you but does no damage.
You closely miss the black bear.
The black bear is moderately wounded.
You block the black bear's attack. The black bear barely misses you.
The black bear closely misses you.
You completely miss the black bear.
The black bear is moderately wounded.
The black bear completely misses you. The black bear claws you. x2
The black bear closely misses you.
The black bear claws you but does no damage.
The black bear barely misses you.
You sock the black bear!
The black bear is heavily wounded.
You block the black bear's attack. The black bear claws you. x2
Are you sure you want to shaft yourself?
You block the black bear's attack. The black bear claws you.
* * * LOW HITPOINT WARNING * * *
The black bear claws you.
* * * LOW HITPOINT WARNING * * *
You begin to dig a shaft.
You continue digging a shaft.
The black bear bites you!
You die...

.....#####≈≈.........
.≈≈≈≈≈≈≈≈≈≈≈........$
.≈≈≈≈≈≈≈≈≈≈≈$........
...(.................
#...#...##.....###.#.
................#
........#......##
.>...#..#h###..#
..#....##@# #..#
#...##.# #....
...###..# ##.... ....
##.# ..... ...# #.#
.... ... ... .....
....... #........


You could see a black bear.

Vanquished Creatures
  3 adders
  2 worms (D:2)
  2 dart slugs
  2 orcs (D:3)
  A bat (D:1)
  3 endoplasms
  2 giant cockroaches (D:2)
  5 goblins
  3 hobgoblins
  4 jackals (D:2)
  6 quokkas
  4 ball pythons
  A frilled lizard (D:2)
  3 kobolds
  6 rats
47 creatures vanquished.

Vanquished Creatures (others)
  A plant (D:1)
1 creature vanquished.

Grand Total: 48 creatures vanquished

Notes
Turn   | Place    | Note
-------+----------+-------------------------------------------
     0 | D:1      | MisterFreud the Formicid Gladiator began the quest for the
                  | Orb.
     0 | D:1      | Reached XP level 1. HP: 16/16 MP: 1/1
   341 | D:1      | Found Asuawad's Armour Shop.
   387 | D:1      | Reached XP level 2. HP: 17/22 MP: 2/2
   857 | D:1      | Reached skill level 1 in Shields
  1281 | D:2      | Reached XP level 3. HP: 26/27 MP: 3/3
  1700 | D:2      | Reached skill level 4 in Staves
  1703 | D:2      | Reached XP level 4. HP: 25/33 MP: 4/4
  1774 | D:2      | Found a radiant altar of Vehumet.
  1840 | D:2      | Found Hazxed's Book Shoppe.
  2181 | D:2      | Identified the +4 hand axe "Huzxoran" {freeze, rF++ Int+2}
  2299 | D:3      | Found a transporter.
  2302 | D:3      | Noticed sydd's ghost (amateur TeEE)
  2363 | D:3      | You fall into a shaft and drop 3 floors!
  2410 | D:6      | Found a transporter.
  2631 | D:6      | Noticed a black bear
  2651 | D:6      | Slain by a black bear

Illustrated notes

Levels and vault maps discovered:
D:1:      heliophobic_arrival_ceremonial_halls, layout_basic, serial_shops,
          shop, serial_bayou_crossing
D:2:      layout_rooms, basic_altar, serial_shops, shop, minmay_tetromino_i4
D:3:      layout_loops_corners, mainiacjoe_overflow_alcove_1,
          gammafunk_ghost_mausoleum, due_unseen_surprise
D:6:      layout_cave_pools, nicolae_sif_muna_condensation,
          gammafunk_ghost_gnarly_gnolls, hex_large

Skill      XL: |  1  2  3  4 |
---------------+-------------+-----
Shields        | 1 2 3 |  3.2
Staves         | 4 |  4.4
Fighting       | |  2.1
Throwing       | |  2.0
Dodging        | |  2.6

Action                   |  1- 3 |  4- 6 || total
-------------------------+-------+-------++-------
Melee: Quarterstaff      |    88 |    44 ||   132
 Abil: Shaft Self        |       |     2 ||     2
  Use: Scroll            |     5 |     2 ||     7
 Stab: Sleeping          |       |     1 ||     1
Armor: Leather armour    |    19 |    14 ||    33
Dodge: Dodged            |    53 |    33 ||    86
Block: Buckler           |    17 |    15 ||    32
